Map: Abyssal Reef LE

Players

TwoDollarGg - Winner!

  • Race: Protoss Protoss
  • League: Diamond
  • Spawn Location: 11:00

A.I. 1 (Elite)

  • Race: Zerg Zerg
  • Spawn Location: 5:00

VOD

Have the link to the VOD?

Description

Time

  • Played on: July 26, 2017, 7:12 a.m.
  • Length: 13:20
Show
View Real Time Build Order
Export as new Build Order

TwoDollarGg Protoss - Winner!

Build Orders: 1 Gate Expand, Zealot Archon, Dark Templar Rush 

Get SALT Encoding   

  12  0:00  Probe (Chrono Boost)  
  13  0:11  Probe (Chrono Boost)  
  14  0:18  Pylon  
  14  0:22  Probe (Chrono Boost)  
  15  0:37  Probe (Chrono Boost)  
  15  0:40  Gateway  
  16  0:45  Assimilator  
  16  0:49  Probe (Chrono Boost)  
  17  1:00  Probe (Chrono Boost)  
  18  1:10  Probe (Chrono Boost)  
  19  1:24  Nexus  
  19  1:28  Probe (Chrono Boost)  
  20  1:36  Cybernetics Core  
  20  1:40  Probe (Chrono Boost)  
  21  1:48  Assimilator  
  21  1:50  Probe (Chrono Boost)  
  22  1:54  Pylon  
  23  2:01  Probe (Chrono Boost)  
  23  2:12  Probe (Chrono Boost)  
  23  2:14  Warp Gate, Adept (Chrono Boost)  
  26  2:24  Probe (Chrono Boost)  
  29  2:37  Stalker, Mothership Core (Chrono Boost), Probe (Chrono Boost)  
  32  2:48  Probe (Chrono Boost)  
  33  2:51  Twilight Council  
  35  2:58  Probe x2 (Chrono Boost)  
  35  3:09  Probe x2 (Chrono Boost)  
  35  3:11  Robotics Facility  
  37  3:19  Probe x2 (Chrono Boost)  
  39  3:22  Pylon  
  39  3:31  Probe x2 (Chrono Boost)  
  41  3:37  Dark Shrine  
  41  3:41  Probe (Chrono Boost)  
  41  3:42  Probe (Chrono Boost)  
  43  3:51  Probe (Chrono Boost)  
  43  3:52  Probe (Chrono Boost)  
  45  3:57  Warp Prism (Chrono Boost)  
  45  4:01  Probe  
  48  4:03  Probe  
  48  4:05  Gateway x2  
  48  4:07  Gateway  
  48  4:09  Pylon  
  49  4:13  Probe  
  49  4:15  Probe  
  49  4:16  Assimilator  
  51  4:18  Assimilator  
  51  4:24  Probe (Chrono Boost)  
  51  4:27  Probe (Chrono Boost)  
  53  4:36  Nexus  
  53  4:38  Pylon  
  53  4:42  Sentry  
  55  4:45  Pylon  
  55  4:48  Probe (Chrono Boost)  
  55  4:49  Probe (Chrono Boost)  
  57  5:05  Dark Templar x3  
  57  5:06  Dark Templar  
  65  5:08  Probe x2 (Chrono Boost)  
  67  5:16  Pylon  
  67  5:18  Probe x2 (Chrono Boost)  
  69  5:23  Forge  
  69  5:27  Robotics Facility  
  69  5:29  Probe x2 (Chrono Boost)  
  69  5:35  Observer  
  72  5:39  Zealot, Probe (Chrono Boost), Sentry x2  
  72  5:40  Probe (Chrono Boost), Zealot  
  82  5:54  Protoss Ground Weapons Level 1  
  82  5:55  Probe x3 (Chrono Boost)  
  85  6:00  Assimilator  
  85  6:04  Assimilator  
  85  6:08  Probe (Chrono Boost)  
  85  6:09  Probe x2 (Chrono Boost)  
  88  6:17  Immortal x2 (Chrono Boost), Gateway  
  96  6:19  Gateway  
  96  6:21  Probe x3  
  99  6:30  Templar Archives  
  101  6:41  Pylon  
  101  6:45  Gateway  
  99  6:48  Gateway x2  
  99  6:50  Archon, Gateway  
  99  6:51  Archon  
  99  6:56  Psionic Storm  
  99  6:58  Pylon, Immortal x2 (Chrono Boost)  
  99  7:05  Pylon  
  99  7:06  Charge  
  107  7:21  Nexus  
  107  7:33  Immortal x2  
  115  7:45  High Templar x3  
  115  7:46  High Templar  
  115  7:47  Zealot  
  125  7:51  Pylon  
  125  7:54  Pylon, Protoss Ground Weapons Level 2 (Chrono Boost)  
  125  7:59  Pylon x2  
  125  8:02  Pylon  
  125  8:09  Immortal  
  125  8:10  Immortal  
  133  8:25  High Templar x2  
  133  8:26  Zealot x5  
  133  8:27  Zealot x3  
  153  8:39  Pylon  
  153  8:43  Assimilator  
  153  8:46  Photon Cannon, Assimilator  
  153  8:49  Photon Cannon, Pylon, Observer x2  
  153  8:53  Photon Cannon  
  155  9:09  Zealot x9  
  169  9:10  Zealot  
  165  9:24  Blink  
  145  9:33  Zealot x4  
  145  9:34  Zealot x5  
  163  9:39  Dark Templar  
  165  9:49  Stargate  
  165  9:52  Pylon  
  165  9:54  High Templar x2  
  165  9:55  High Templar x4  
  165  9:58  Archon x2  
  165  9:59  Archon  
  177  10:12  Protoss Air Weapons Level 1  
  177  10:16  Pylon  
  177  10:17  Protoss Shields Level 1 (Chrono Boost)  
  173  10:39  Fleet Beacon, Oracle  
  176  10:44  Stargate  
  176  10:46  Stargate  
  176  11:24  Graviton Catapult  
  176  11:27  Pylon  
  176  11:33  Carrier x3 (Chrono Boost)  
  194  11:46  Pylon  
  194  11:51  High Templar  
  192  12:03  Zealot x4  
  198  12:22  Archon x3  
  194  13:14  High Templar  
Show
View Real Time Build Order
Export as new Build Order

A.I. 1 (Elite) Zerg 

Build Orders: Pool First 

Get SALT Encoding   

  12  0:00  Drone  
  13  0:12  Overlord  
  13  0:17  Drone  
  14  0:31  Drone x2  
  16  0:42  Spawning Pool  
  15  0:45  Drone  
  15  0:49  Drone  
  17  1:13  Hatchery  
  17  1:15  Drone  
  17  1:18  Extractor  
  17  1:20  Drone  
  17  1:24  Drone  
  18  1:29  Drone  
  19  1:38  Overlord  
  19  1:49  Drone  
  19  1:50  Queen  
  22  2:00  Zergling x2  
  23  2:11  Drone  
  24  2:21  Drone  
  25  2:26  Queen  
  25  2:27  Roach Warren  
  26  2:32  Drone  
  27  2:37  Extractor  
  27  2:40  Drone  
  27  2:47  Overlord  
  27  2:51  Drone  
  28  2:53  Drone  
  28  2:56  Drone  
  30  2:59  Drone  
  30  3:02  Drone  
  31  3:07  Zergling x2  
  31  3:10  Zergling x2  
  33  3:13  Zergling x2  
  33  3:18  Roach  
  36  3:23  Roach  
  38  3:27  Roach  
  38  3:31  Roach  
  43  3:34  Drone  
  43  3:37  Drone  
  44  3:42  Overlord  
  44  3:50  Lair  
  44  3:54  Metabolic Boost  
  44  3:59  Overlord  
  44  4:02  Drone  
  45  4:04  Drone  
  45  4:07  Drone  
  45  4:09  Zergling x2  
  48  4:12  Zergling x2  
  48  4:14  Zergling x2  
  50  4:21  Evolution Chamber, Drone  
  50  4:25  Evolution Chamber  
  50  4:26  Drone  
  50  4:28  Drone  
  52  4:31  Drone  
  52  4:33  Drone  
  52  4:36  Drone  
  54  4:47  Zerg Missile Weapons Level 1  
  54  4:51  Zerg Ground Armor Level 1  
  54  4:52  Hydralisk Den  
  54  4:53  Drone  
  54  4:56  Overlord  
  54  4:59  Roach  
  56  5:01  Roach  
  58  5:14  Extractor, Overlord, Drone x2  
  59  5:15  Drone  
  59  5:17  Drone  
  59  5:19  Drone  
  59  5:21  Drone  
  63  5:22  Hydralisk, Drone  
  63  5:25  Hydralisk  
  68  5:34  Hydralisk  
  68  5:35  Overseer  
  68  5:42  Overlord  
  67  6:02  Hydralisk  
  69  6:06  Drone  
  69  6:10  Hatchery  
  69  6:11  Drone  
  70  6:15  Overlord  
  70  6:18  Drone  
  70  6:20  Drone  
  70  6:23  Drone  
  70  6:24  Drone  
  70  6:25  Drone  
  75  6:31  Drone  
  76  6:46  Extractor, Drone  
  76  6:56  Overlord, Lair  
  76  7:08  Drone  
  76  7:09  Drone x2  
  79  7:30  Hatchery, Drone  
  79  7:42  Roach  
  81  7:45  Roach  
  83  7:52  Ravager  
  83  7:54  Roach  
  83  7:56  Infestation Pit  
  83  7:57  Drone  
  83  7:58  Hydralisk, Overlord  
  86  8:02  Hydralisk, Zergling x4  
  86  8:04  Evolution Chamber  
  91  8:07  Drone  
  91  8:12  Drone  
  91  8:14  Hydralisk x2  
  91  8:16  Overlord  
  95  8:20  Hydralisk  
  95  8:26  Hydralisk  
  99  8:31  Hydralisk  
  99  8:33  Infestor  
  103  8:40  Overlord  
  103  8:42  Drone  
  103  8:44  Drone  
  103  8:46  Drone x2, Infestor  
  103  8:47  Extractor  
  108  8:49  Extractor  
  108  8:52  Drone x2  
  108  8:55  Drone  
  110  9:03  Drone x2  
  110  9:06  Drone  
  112  9:13  Drone  
  112  9:14  Drone  
  112  9:17  Drone  
  111  9:18  Hydralisk, Roach, Drone  
  110  9:24  Roach  
  110  9:26  Roach  
  110  9:27  Hydralisk  
  88  9:34  Spine Crawler  
  88  9:35  Roach  
  88  9:36  Hydralisk  
  89  9:39  Zergling x2  
  90  9:45  Zergling x2  
  90  9:47  Drone, Ravager  
  90  9:48  Ravager  
  90  9:49  Roach, Zergling x4  
  90  9:50  Roach, Spine Crawler  
  99  9:56  Drone  
  99  9:59  Roach  
  102  10:00  Zergling x2  
  103  10:07  Drone  
  103  10:09  Drone  
  103  10:10  Drone  
  106  10:18  Drone  
  106  10:19  Ravager  
  106  10:20  Roach  
  96  10:21  Lurker Den, Hydralisk, Zergling x2  
  96  10:22  Drone, Infestor  
  90  10:28  Spore Crawler  
  90  10:32  Zergling x4  
  65  10:42  Hydralisk x2  
  59  10:44  Spore Crawler  
  59  10:49  Queen  
  45  10:53  Zergling x2  
  36  11:03  Hydralisk  
  35  11:07  Hatchery x2  
  26  11:14  Hydralisk  
  26  11:25  Zergling x2  
  26  11:35  Hydralisk  
  28  11:46  Hatchery  
  27  11:47  Roach  
  28  11:56  Drone  
  28  11:59  Zergling x2  
  22  12:08  Drone  
  22  12:11  Drone  
  14  12:28  Drone  
  1  12:30  Drone  
  2  12:40  Drone  
  3  12:50  Hatchery  
  2  12:51  Drone  
  3  13:07  Drone  
Tags
 
Add a new tag
Caveats
  • Supply blocks, unpowered buildings, or Contaminate may cause inaccurate times.
  • Supply counts are checked every 10 seconds.